Map: Dusk Towers

Players

LilDicky - Winner!

  • Race: Terran Terran
  • League: Diamond

BadmanLarry

  • Race: Terran Terran
  • League: Diamond

VOD

http://www.twitch.tv/tumescentpie

Description

Time

  • Played on: Dec. 6, 2015, 10:26 p.m.
  • Length: 5:17
Show
View Real Time Build Order
Export as new Build Order

LilDicky Terran - Winner!

Build Orders: Reaper Expand 

Get SALT Encoding   

  12  0:04  SCV  
  13  0:18  SCV  
  13  0:20  Supply Depot  
  14  0:30  SCV  
  14  0:32  Refinery  
  15  0:42  SCV  
  16  0:45  Barracks  
  16  0:57  SCV  
  17  1:09  SCV  
  18  1:21  SCV  
  19  1:32  Reaper  
  20  1:34  Orbital Command  
  20  1:35  Supply Depot  
  20  2:02  SCV  
  20  2:03  Command Center  
  21  2:09  Marine  
  21  2:15  Refinery  
  22  2:18  Factory  
  22  2:19  SCV  
  23  2:28  Marine  
  24  2:31  SCV  
  25  2:43  SCV  
  26  2:50  Marine  
  27  2:55  SCV  
  28  3:01  Factory Tech Lab  
  28  3:02  Starport  
  28  3:06  Supply Depot  
  28  3:07  SCV  
  30  3:20  SCV  
  30  3:22  Orbital Command  
  30  3:31  Supply Depot  
  30  3:32  SCV  
  30  3:33  Marine  
  32  4:22  Banshee  
  32  4:23  SCV  
  32  4:24  SCV  
  37  4:42  Marine  
  38  5:04  SCV x2  
Show
View Real Time Build Order
Export as new Build Order

BadmanLarry Terran 

Build Orders: Reaper Expand 

Get SALT Encoding   

  12  0:01  SCV  
  13  0:13  SCV  
  14  0:17  Supply Depot  
  14  0:25  SCV  
  15  0:39  SCV  
  15  0:40  Barracks  
  16  0:44  Refinery  
  16  0:51  SCV  
  17  1:03  SCV  
  18  1:15  SCV  
  19  1:34  Orbital Command  
  19  1:35  Reaper  
  20  1:46  Command Center  
  20  2:07  SCV  
  20  2:18  Barracks Reactor  
  20  2:23  Factory  
  20  2:24  SCV  
  21  2:36  SCV  
  22  2:48  SCV  
  7  4:01  SCV  
  7  4:02  Orbital Command  
Tags
 
Add a new tag
Caveats
  • Supply blocks, unpowered buildings, or Contaminate may cause inaccurate times.
  • Supply counts are checked every 10 seconds.